 Dungeon Crawl Stone Soup version 0.28.0-47-ge53b351184 (webtiles) character file.

Game seed: 6361757533710203078

5 nickcage the Sneak (level 1, 0/9 HPs)
             Began as a Spriggan Enchanter on May 2, 2022.
             Slain by a ball python (1 damage)
             ... on level 1 of the Dungeon.
             The game lasted 00:01:01 (379 turns).

nickcage the Sneak (Spriggan Enchanter)              Turns: 379, Time: 00:01:02

Health: 0/9        AC:  2    Str:  4    XL:     1   Next: 66%
Magic:  5/5        EV: 14    Int: 16    God:
Gold:   27         SH:  0    Dex: 15    Spells: 5/5 levels left

rFire   . . .      SeeInvis +   a - +1 dagger
rCold   . . .      Faith    .   (no shield)
rNeg    . . .      Spirit   .   b - +0 robe
rPois   .          Reflect  .   (helmet restricted)
rElec   .          Harm     .   (no cloak)
rCorr   .          Rampage  .   (gloves unavailable)
Will    .....                   (boots unavailable)
Stlth   +++.......              (no amulet)
HPRegen 0.03/turn               (no ring)
MPRegen 0.09/turn               (no ring)

@: constricted, very quick
A: very small, no large weapons, unfitting armour, see invisible, speed 3
a: no special abilities


You were on level 1 of the Dungeon.
You visited 1 branch of the dungeon, and saw 1 of its levels.

You collected 27 gold pieces.

Inventory:

Hand Weapons
 a - a +1 dagger (weapon)
Armour
 b - a +0 robe (worn)
Scrolls
 d - a scroll of identify {unknown}
Potions
 c - a potion of invisibility
 e - a potion of haste {unknown}
 f - a potion of resistance {unknown}


   Skills:
 - Level 1.1 Short Blades
 - Level 2.6 Dodging
 - Level 4.4 Stealth
 - Level 2.6 Spellcasting
 + Level 4.1 Hexes


You had 5 spell levels left.
You didn't know any spells.
Your spell library contained the following spells:

 Spells                   Type           Power      Damage    Failure   Level
 Confusing Touch          Hex            15%        N/A       11%         3
 Tukima's Dance           Hex            15%        N/A       11%         3
 Ensorcelled Hibernation  Hex/Ice        16%        N/A       13%         2
 Dazzling Flash           Conj/Hex       16%        N/A       26%         3


Dungeon Overview and Level Annotations

Branches:
Dungeon (1/15)

Altars:


Innate Abilities, Weirdness & Mutations

You are very small and have problems with some larger weapons.
You are too small for most types of armour.
You have supernaturally acute eyesight. (SInv)
You cover ground extremely quickly. (Speed+++)


Message History

The ball python hisses angrily.
You hit the jackal.
The jackal is severely wounded.
A goblin comes into view. It is wielding a +0 club.
The jackal completely misses you.
The goblin shouts!
You hit the jackal but do no damage.
The jackal is severely wounded.
The jackal misses you. x2
You barely miss the jackal.
The jackal is severely wounded.
The jackal misses you.
You barely miss the jackal.
The jackal is severely wounded.
The jackal misses you.
The ball python bites you but does no damage.
The ball python misses you.
You hit the jackal.
You kill the jackal!
The ball python closely misses you. x2
The jackal bites you but does no damage.
You hit the ball python but do no damage.
The ball python closely misses you. The ball python grabs you.
The ball python constricts you. The jackal misses you.
You barely miss the ball python.
The jackal bites you but does no damage.
The ball python bites you. The ball python constricts you.
You hit the ball python.
The ball python is moderately wounded.
The jackal bites you but does no damage.
The ball python bites you. The ball python constricts you.
The jackal bites you.
* * * LOW HITPOINT WARNING * * *
You are too injured to fight recklessly!
You are too injured to fight recklessly!
You are too injured to fight recklessly!
You closely miss the jackal. The ball python misses you.
The ball python constricts you. The jackal misses you.
The ball python bites you.
You die...

#.# #.# #.# #.# ###.#
. #.#.## ##.
..########.#..# #.. .
#...gSS@hg....#
#.###.
....######..##.#
#.#... ...
#.h...##.## #.#.#
#$..##.#...##..#
##...#
#....#.#.###.###...#
#!h.##.#.# #.##..#.#
#.g. #.#.# #.##.##.#
#.... ..#.# #.##.##.#
#..#...##.###.#..##.#


You could see a jackal, 2 goblins and 2 ball pythons.

Vanquished Creatures
  A hobgoblin (D:1)
  A jackal (D:1)
  A ball python (D:1)
  2 bats (D:1)
  A frilled lizard (D:1)
6 creatures vanquished.

Notes
Turn   | Place    | Note
-------+----------+-------------------------------------------
     0 | D:1      | nickcage the Spriggan Enchanter began the quest for the
                  | Orb.
     0 | D:1      | Reached XP level 1. HP: 9/9 MP: 5/5
   379 | D:1      | Slain by a ball python

Illustrated notes

Levels and vault maps discovered:
D:1:      wander_arrival_desolate, layout_rooms

Skill      XL: |  1 |
---------------+----+-----
Hexes          | 4 |  4.1
Short Blades   | |  1.1
Dodging        | |  2.6
Stealth        | |  4.4
Spellcasting   | |  2.6

Action                   || total
-------------------------++-------
Melee: Dagger            ||    25
 Stab: Sleeping          ||     1
Armor: Robe              ||     8
Dodge: Dodged            ||    29
